 Dungeon Crawl Stone Soup version 0.22.1-1-ga44c0e5 (webtiles) character file.

2279 HoaS the Ruffian (level 9, 0/70 (72) HPs)
             Began as a Human Berserker on Oct 25, 2018.
             Was an Elder of Trog.
             Slain by a killer bee (1 damage)
             ... on level 7 of the Dungeon.
             The game lasted 00:19:43 (5964 turns).

HoaS the Ruffian (Human Berserker)                  Turns: 5964, Time: 00:19:44

HP:   0/70 (72)     AC: 18    Str: 20    XL:     9   Next: 66%
MP:   0/9           EV:  8    Int:  8    God:    Trog [****..]
Gold: 234           SH:  0    Dex: 13    Spells: 8/8 levels left

rFire    + . .     SeeInvis .     - Unarmed
rCold    + . .     Gourm    .   (no shield)
rNeg     . . .     Faith    .   r - +0 plate armour
rPois    .         Spirit   +   p - +0 helmet (curse)
rElec    .         Reflect  .   o - scarf {rC+ rF+}
rCorr    .         Harm     .   k - +2 pair of gloves
MR       .....                  A - +0 pair of boots
Stlth    ..........             g - amulet of guardian spirit
HPRegen  0.21/turn              (no ring)
MPRegen  0.11/turn              (no ring)

@: lethally poisoned (0 -> -21), berserk cooldown, slowed, very slow
A: no striking features
a: Berserk, Trog's Hand, Brothers in Arms, Renounce Religion


You were on level 7 of the Dungeon.
You worshipped Trog.
Trog was greatly pleased with you.
You were very hungry.

You visited 1 branch of the dungeon, and saw 7 of its levels.

You collected 369 gold pieces.
You spent 135 gold pieces at shops.

Inventory:

Hand Weapons
 w - a +0 shortbow
Missiles
 f - 20 poisoned needles (quivered)
 i - 2 stones
 m - 18 bolts
 C - 93 arrows
Armour
 k - a +2 pair of gloves (worn)
 o - a scarf of resistance (worn)
 p - a cursed +0 helmet (worn)
 r - a +0 plate armour (worn)
 A - a +0 pair of boots (worn)
Jewellery
 g - an amulet of guardian spirit (around neck)
 M - an uncursed ring of protection from fire {unknown}
Wands
 E - a wand of flame (18)
 G - a wand of polymorph (10)
 J - a wand of iceblast (8)
 L - a wand of acid (13)
Scrolls
 c - 2 scrolls of fear
 j - 5 scrolls of teleportation
 u - 4 scrolls of identify
 x - a scroll of enchant armour {unknown}
 y - a scroll of fog
 D - 2 scrolls of remove curse
 I - a scroll of enchant weapon {unknown}
Potions
 a - 2 potions of haste
 d - 2 potions of curing
 e - a potion of resistance {unknown}
 h - a potion of magic {unknown}
 l - 4 potions of flight {unknown}
 n - 2 potions of berserk rage {unknown}
 q - a potion of heal wounds {unknown}
 t - a potion of agility {unknown}
 v - a potion of cancellation {unknown}
 z - 2 potions of brilliance {unknown}
 B - a potion of lignification {unknown}
 F - 2 potions of mutation {unknown}
 H - 2 potions of degeneration {unknown}
 K - a potion of might {unknown}
Comestibles
 b - 13 rations
 s - 4 chunks of flesh


   Skills:
 * Level 7.4 Fighting
 + Level 3.2 Bows
 + Level 5.2 Armour
 + Level 5.1 Dodging
 * Level 7.4 Unarmed Combat


You had 8 spell levels left.
You didn't know any spells.
Your spell library was empty.

Dungeon Overview and Level Annotations

Branches:
Dungeon (7/15)
 Temple: D:4-7

Altars:
Ashenzari
Cheibriados
Okawaru
Ru
Trog
Uskayaw
Xom
Yredelemnul
Zin
The Shining One

Shops:
D:4 [   D:7 (

Annotations:
D:6 1 runed door, bmj180's ghost, novice TrFi


Message History

The killer bee poisons you! The killer bee misses you.
The killer bee stings you but does no damage.
You miss the killer bee.
The killer bee is heavily wounded.
* * * LOW HITPOINT WARNING * * *
You feel very sick. The killer bee barely misses you.
The killer bee misses you. The killer bee closely misses you.
The killer bee stings you but does no damage. x2
You closely miss the killer bee.
The killer bee is heavily wounded.
Your skin stops crawling.
You feel less resistant to hostile enchantments.
* * * LOW HITPOINT WARNING * * *
You feel very sick. The killer bee stings you.
* * * LOW HITPOINT WARNING * * *
The killer bee stings you but does no damage. x3
The killer bee stings you.
You die...

####### #...... ########
#...#..
#......############......
+.....Zy@8..∩..8.........
#....†.#y.....+.....)....
#......#.....##.....).#..
#......########..........
#......#.).........######
.............#.....########....
.............+.....##....##....
.............#.....##.....'....
.............#.....##.....#....


You could see 2 killer bees and a howler monkey skeleton.

Vanquished Creatures
  A hungry ghost (D:7)
  2 ogres (D:7)
  A necrophage (D:7)
  4 centaurs
  A big kobold (D:7)
  Blork the orc (D:6)
  3 bullfrogs
  3 scorpions
  5 killer bees
  2 howler monkeys
  2 crimson imps
  A bullfrog skeleton (D:4)
  A centaur skeleton (D:7)
  5 hounds
  An orc priest (D:5)
  4 orc wizards
  An iguana (D:6)
  6 worker ants
  A hound skeleton (D:6)
  Robin (D:3)
  4 adders
  2 shadow imps
  3 oozes
  3 worms
  2 dart slugs
  7 leopard geckos
  9 orcs
  2 ball pythons
  10 giant cockroaches
  20 goblins
  9 hobgoblins
  7 jackals
  14 kobolds
  4 quokkas
  7 bats
  5 frilled lizards
  A jackal zombie (D:5)
  A quokka skeleton (D:4)
  15 rats
171 creatures vanquished.

Vanquished Creatures (others)
  5 toadstools (D:1)
5 creatures vanquished.

Grand Total: 176 creatures vanquished

Notes
Turn   | Place    | Note
-------+----------+-------------------------------------------
     0 | D:1      | HoaS the Human Berserker began the quest for the Orb.
     0 | D:1      | Reached XP level 1. HP: 18/18 MP: 1/1
   174 | D:1      | Reached XP level 2. HP: 22/24 MP: 2/2
   555 | D:1      | Reached XP level 3. HP: 29/29 MP: 3/3
   993 | D:2      | Reached ** piety under Trog
  1078 | D:2      | Reached XP level 4. HP: 20/36 MP: 1/4
  1746 | D:3      | Found an iron altar of Okawaru.
  1877 | D:3      | Noticed Robin
  1937 | D:3      | Killed Robin
  2210 | D:3      | Found a sacrificial altar of Ru.
  2263 | D:3      | Reached XP level 5. HP: 42/42 MP: 5/5
  2410 | D:3      | Reached *** piety under Trog
  2532 | D:3      | Found a glowing golden altar of the Shining One.
  2661 | D:3      | Found a snail-covered altar of Cheibriados.
  3172 | D:4      | Reached XP level 6. HP: 28/48 MP: 4/6
  3264 | D:4      | Found a basalt altar of Yredelemnul.
  3283 | D:4      | Found a hide-covered altar of Uskayaw.
  3286 | D:4      | Found a glowing silver altar of Zin.
  3337 | D:4      | Found a shimmering altar of Xom.
  3510 | D:4      | Found a shattered altar of Ashenzari.
  3731 | D:4      | Found Wagof's Antique Armour Emporium.
  3740 | D:4      | Bought a pair of embroidered gloves for 135 gold pieces
  3791 | D:4      | Reached XP level 7. HP: 50/55 MP: 5/7
  3874 | D:5      | Entered Level 5 of the Dungeon
  3973 | D:5      | Reached skill level 5 in Unarmed Combat
  3993 | D:5      | Reached skill level 5 in Fighting
  4519 | D:6      | Noticed Blork the orc
  4540 | D:6      | Killed Blork the orc
  4540 | D:6      | Reached XP level 8. HP: 63/63 MP: 8/8
  4602 | D:6      | Found a basalt altar of Yredelemnul.
  4624 | D:6      | Reached skill level 1 in Bows
  4784 | D:6      | Noticed bmj180's ghost (novice TrFi)
  4819 | D:6      | Found a runed door.
  4824 | D:6      | Reached **** piety under Trog
  4870 | D:6      | Found a runed door.
  4953 | D:6      | Found a runed door.
  5148 | D:6      | Reached XP level 9. HP: 55/71 MP: 9/9
  5584 | D:7      | Noticed a moth of wrath
  5587 | D:7      | Found a bloodstained altar of Trog.
  5682 | D:7      | Reached skill level 5 in Armour
  5814 | D:7      | Found Jalod's Weapon Boutique.
  5832 | D:7      | Reached skill level 5 in Dodging
  5938 | D:7      | Received a gift from Trog
  5964 | D:7      | HP: 3/70 [poisoned by a killer bee]
  5964 | D:7      | HP: 1/70 [killer bee (2)]
  5964 | D:7      | Slain by a killer bee

Skill      XL: |  1  2  3  4  5  6  7  8  9 |
---------------+----------------------------+-----
Fighting       | 4 5 6 7 |  7.4
Unarmed Combat | 4 5 6 7 |  7.4
Armour         | 3 4 5 |  5.2
Dodging        | 3 4 5 |  5.1
Bows           | 2 3 |  3.2

Action                   |  1- 3 |  4- 6 |  7- 9 || total
-------------------------+-------+-------+-------++-------
Melee: Unarmed           |   104 |   342 |   488 ||   934
       Punch             |     1 |     2 |     9 ||    12
 Fire: Shortbow          |       |       |     1 ||     1
Throw: Stone             |       |     2 |       ||     2
Invok: Trog's Hand       |       |     1 |     6 ||     7
       Berserk           |       |     1 |     5 ||     6
  Use: Scroll            |     4 |     7 |     1 ||    12
  Eat: Chunk             |     1 |    10 |    13 ||    24
       Ration            |       |       |     1 ||     1
Armor: Scale mail        |    39 |    47 |       ||    86
       Animal skin       |     1 |       |       ||     1
       Chain mail        |       |    47 |       ||    47
       Plate armour      |       |   138 |   419 ||   557
Dodge: Dodged            |    44 |   140 |   266 ||   450
